 Dungeon Crawl Stone Soup version 0.31-a0-879-g1609e0a (webtiles) character file.

Game seed: 13501042229272478490

65 Meow the Sneak (level 4, 36/36 HPs)
             Began as a Naga Conjurer on Oct 14, 2023.
             Quit the game on level 2 of the Dungeon.
             The game lasted 00:05:03 (1218 turns).

Meow the Sneak (Naga Conjurer)                      Turns: 1218, Time: 00:05:04

Health: 36/36      AC:  2    Str: 10    XL:     4   Next: 13%
Magic:  5/8        EV:  9    Int: 20    God:
Gold:   39         SH:  0    Dex:  9    Spells: 2/8 levels left

rFire   . . .        a - +0 club
rCold   . . .        (no shield)
rNeg    . . .        c - +0 robe
rPois   +            (no helmet)
rElec   .            (no cloak)
rCorr   .            (no gloves)
SInv    +            (no barding)
Will    .....        (no amulet)
Stlth   ++           (no ring)
HPRegen 0.26/turn    (no ring)
MPRegen 0.11/turn

%: no passive effects
@: short of breath, very slow
A: AC +1, large, see invisible, deformed body, poison resistance, slowness 2,
spit poison 1, naga tail 1
a: Spit Poison


You were on level 2 of the Dungeon.
You visited 1 branch of the dungeon, and saw 2 of its levels.

You collected 39 gold pieces.

Inventory:

Hand Weapons
 a - a +0 club (weapon)
Missiles
 f - 4 throwing nets
Armour
 c - a +0 robe (worn)
Scrolls
 d - a scroll of identify {unknown}
 g - a scroll of teleportation {unknown}
 h - a scroll of torment {unknown}
Potions
 b - a potion of magic
 e - a potion of curing {unknown}
 i - a potion of mutation {unknown}


   Skills:
 - Level 1.5 Dodging
 + Level 4.6 Stealth
 + Level 2.7 Spellcasting
 + Level 4.5 Conjurations


You had 2 spell levels left.
You knew the following spells:

 Your Spells              Type           Power      Damage    Failure   Level
a - Magic Dart            Conj           80%        1d7       2%          1
b - Searing Ray           Conj           40%        2d5       3%          2
A - Stone Arrow           Conj/Erth      22%        3d8       17%         3

Your spell library contained the following spells:

 Spells                   Type           Power      Damage    Failure   Level
 Dazzling Flash           Conj/Hex       22%        N/A       17%         3
 Fulminant Prism          Conj/Hex       5%         3d6       50%         4
 Iskenderun's Mystic Bla  Conj/Tloc      11%        2d4       50%         4
 Animate Armour           Summ/Erth      4%         N/A       82%         4
 Lehudib's Crystal Spear  Conj/Erth      5%         10d3      100%        8


Dungeon Overview and Level Annotations

Branches:
Dungeon (2/15)

Altars:


Innate Abilities, Weirdness & Mutations

Your serpentine skin is tough. (AC +1)
You have supernaturally acute eyesight. (SInv)
Armour fits poorly on your strangely shaped body.
Your system is resistant to poisons. (rPois)
You cover ground very slowly.
You can spit poison.
You have a snake-like lower body.


Message History

You now have 39 gold pieces (gained 11).
Things that are here:
a +0 dagger; a goblin corpse
Found a stone staircase leading up.
You open the door.
There is an open door here.
Found a stone staircase leading up.
Casting: Magic Dart (safe; 2% risk of failure)
Confirm with . or Enter, or press ? or * to list all spells.
Okay, then.
h - a scroll labelled ENASAS OQOEPH
i - a black potion A rat and an adder come into view.
Found 3 stones.
The adder hisses angrily.
Aiming: Spit Poison (2% risk of failure)
Press: ? - help, Shift-Dir - straight line, f - adder
Aim: an adder (37% to hit)
The splash of poison hits the adder.
The adder is poisoned.
The adder is heavily wounded.
Unknown command.
Casting: Magic Dart (safe; 2% risk of failure)
Confirm with . or Enter, or press ? or * to list all spells.
Aiming: Searing Ray (safe; 3% risk of failure)
Press: ? - help, Shift-Dir - straight line, f/p - adder
Aim: an adder (severely wounded, poisoned, 63% to hit)
The searing ray hits the adder.
You kill the adder!
The searing ray hits the rat.
You kill the rat! (Press . to maintain the ray.)
You have reached level 4!
You feel stronger.
Are you sure you want to abandon this character and quit the game? (Confirm with "yes".)
Okay, then.
Casting: Searing Ray (safe; 3% risk of failure)
Confirm with . or Enter, or press ? or * to list all spells.
Okay, then.
Okay, then.
Are you sure you want to abandon this character and quit the game? (Confirm with "yes".)

#...............#..
##..#...............
..................#.
#####.................
...............#.#.#.
##..###.#+#####.#.#.
..####..........#
#+#.#
............#.#....
###..@..#.#.+ <.
#......####.# #.
....... #.# .. ###....
#.# ... #.... #.. ....
## #.... .# #....###.
.(... #..... ......
#.##.# #..


There were no monsters in sight!

Vanquished Creatures
  2 adders (D:2)
  A dart slug (D:1)
  5 endoplasms
  A giant cockroach (D:2)
  7 goblins
  3 hobgoblins (D:1)
  A quokka (D:1)
  6 ball pythons
  2 bats
  12 frilled lizards
  2 kobolds
  5 rats
47 creatures vanquished.

Notes
Turn   | Place    | Note
-------+----------+-------------------------------------------
     0 | D:1      | Meow the Naga Conjurer began the quest for the Orb.
     0 | D:1      | Reached XP level 1. HP: 15/15 MP: 3/3
   171 | D:1      | Reached XP level 2. HP: 22/22 MP: 3/5
   174 | D:1      | Learned a level 2 spell: Searing Ray
   599 | D:1      | Reached XP level 3. HP: 28/28 MP: 4/6
   603 | D:1      | Learned a level 3 spell: Stone Arrow
   797 | D:1      | You fall into a shaft and drop 1 floor!
  1218 | D:2      | Reached XP level 4. HP: 36/36 MP: 5/8
  1218 | D:2      | Quit the game

Illustrated notes

Levels and vault maps discovered:
D:1:      erik_arrival_blinker_ship, layout_loops_ring, minmay_lizard_pond
D:2:      minmay_skewed_foursquare, layout_basic, hex_medium,
          kennysheep_generic_room_14

Skill      XL: |  1  2  3 |
---------------+----------+-----
Stealth        | 4 |  4.6
Dodging        | |  1.5
Spellcasting   | |  2.7
Conjurations   | |  4.5

Action                     |  1- 3 |  4- 6 || total
---------------------------+-------+-------++-------
  Melee: Club              |     2 |       ||     2
   Cast: Magic Dart        |    36 |       ||    36
         Searing Ray       |     8 |       ||     8
Ability: Spit Poison       |    25 |       ||    25
 Armour: Robe              |     8 |       ||     8
  Dodge: Dodged            |     8 |       ||     8

Table legend: (Time is in decaauts)
 A = Elapsed time spent in this place.
 B = Non-inter-level travel time spent in this place.
 C = Inter-level travel time spent in this place.
 D = Time resting spent in this place.
 E = Time spent auto-exploring this place.
 F = Levels seen in this place.
 G = Mean time per level.
                   A        B        C        D        E       F      G
               +--------+--------+--------+--------+--------+-----+--------+
         Total |   1467 |   1467 |      0 |    489 |    711 |   2 |  733.5 |
       Dungeon |   1467 |   1467 |      0 |    489 |    711 |   2 |  733.5 |
               +--------+--------+--------+--------+--------+-----+--------+

Top non-repeatable levels by time:
     D:1: 954 daAuts
     D:2: 513 daAuts
